Map: Gresvan LE

Players

llllllllllll

  • Race: Protoss Protoss
  • League: Master
  • Spawn Location: 5:00

RunaMoK (Losira) - Winner!

  • Race: Terran Terran
  • League: Grandmaster
  • Spawn Location: 11:00

VOD

Have the link to the VOD?

Description

Time

  • Played on: May 16, 2023, 4:10 a.m.
  • Length: 19:36
Show
View Real Time Build Order
Export as new Build Order

llllllllllll Protoss 

Build Orders: 1 Gate Expand, Oracle Opening, Carriers 

Get SALT Encoding   

  12  0:00  Probe  
  13  0:12  Probe  
  14  0:17  Pylon  
  14  0:24  Probe (Chrono Boost)  
  15  0:36  Probe (Chrono Boost)  
  15  0:37  Gateway  
  16  0:45  Probe (Chrono Boost)  
  16  0:47  Assimilator  
  17  0:52  Probe  
  18  1:04  Probe  
  19  1:16  Probe  
  20  1:25  Cybernetics Core  
  20  1:36  Nexus  
  20  1:41  Pylon  
  20  1:44  Probe  
  21  1:50  Assimilator  
  21  1:57  Probe  
  21  1:59  Adept (Chrono Boost)  
  24  2:09  Probe  
  25  2:21  Stargate  
  25  2:24  Adept  
  27  2:32  Probe  
  29  2:47  Probe (Chrono Boost)  
  29  2:49  Probe (Chrono Boost)  
  30  2:59  Probe (Chrono Boost), Adept  
  30  3:00  Warp Gate  
  30  3:01  Probe (Chrono Boost)  
  30  3:04  Oracle (Chrono Boost)  
  33  3:08  Probe  
  33  3:11  Probe  
  38  3:17  Gateway  
  38  3:20  Probe  
  38  3:23  Probe  
  38  3:24  Shield Battery  
  40  3:31  Oracle (Chrono Boost)  
  40  3:32  Probe  
  40  3:52  Probe  
  37  3:58  Probe  
  38  4:04  Robotics Facility, Probe  
  39  4:11  Probe  
  39  4:12  Nexus  
  39  4:16  Probe  
  41  4:21  Pylon  
  41  4:23  Probe  
  42  4:28  Probe  
  43  4:35  Probe  
  44  4:41  Probe  
  42  4:46  Phoenix  
  42  4:47  Probe, Adept  
  42  4:48  Adept  
  50  4:53  Observer, Probe  
  50  4:54  Assimilator  
  50  4:59  Probe, Assimilator  
  52  5:05  Pylon, Probe  
  53  5:12  Robotics Bay, Probe  
  54  5:22  Pylon  
  54  5:24  Probe (Chrono Boost)  
  57  5:29  Probe (Chrono Boost), Phoenix  
  57  5:30  Probe (Chrono Boost)  
  57  5:33  Probe (Chrono Boost)  
  57  5:34  Pylon  
  60  5:37  Probe x2 (Chrono Boost)  
  60  5:38  Probe (Chrono Boost)  
  62  5:47  Probe  
  62  5:48  Probe  
  64  5:50  Probe  
  64  5:54  Phoenix  
  67  6:00  Probe  
  67  6:04  Probe x2  
  70  6:12  Probe  
  70  6:14  Shield Battery  
  71  6:19  Colossus (Chrono Boost), Probe  
  71  6:22  Gateway  
  71  6:24  Gateway  
  78  6:26  Gateway  
  78  6:27  Probe (Chrono Boost)  
  78  6:28  Extended Thermal Lance (Chrono Boost), Gateway  
  80  6:35  Probe (Chrono Boost)  
  80  6:36  Probe (Chrono Boost)  
  80  6:37  Pylon  
  81  6:41  Phoenix  
  81  6:46  Gateway  
  83  6:50  Probe x2, Gateway  
  83  6:52  Probe (Chrono Boost)  
  86  6:57  Colossus  
  86  6:59  Zealot x2  
  86  7:01  Pylon  
  90  7:02  Probe (Chrono Boost)  
  90  7:03  Pylon  
  90  7:07  Observer, Probe (Chrono Boost)  
  98  7:13  Assimilator  
  98  7:16  Pylon  
  98  7:18  Assimilator, Phoenix  
  100  7:23  Sentry  
  102  7:34  Probe  
  103  7:38  Zealot x5  
  103  7:39  Probe  
  103  7:42  Twilight Council  
  103  7:44  Zealot, Forge  
  114  7:51  Shield Battery  
  116  7:57  Zealot  
  118  7:59  Stalker x3  
  124  8:15  Protoss Ground Weapons Level 1  
  124  8:18  Pylon  
  124  8:20  Phoenix  
  124  8:21  Pylon  
  124  8:22  Pylon  
  118  8:29  Stalker x2  
  118  8:30  Blink (Chrono Boost), Nexus, Stalker  
  116  8:47  Colossus  
  108  8:57  Zealot x8  
  95  9:09  Phoenix  
  89  9:15  Zealot x2  
  87  9:18  Stalker x6  
  87  9:21  Probe x3  
  91  9:29  Stalker  
  91  9:30  Stalker  
  88  9:33  Probe x2  
  88  9:34  Probe  
  91  9:42  Phoenix  
  95  9:47  Probe (Chrono Boost)  
  95  9:49  Probe (Chrono Boost)  
  95  9:50  Probe (Chrono Boost)  
  95  9:51  Probe (Chrono Boost)  
  104  10:00  Probe (Chrono Boost)  
  104  10:02  Pylon  
  104  10:03  Disruptor (Chrono Boost)  
  101  10:07  Robotics Facility  
  101  10:10  Forge  
  101  10:11  Photon Cannon  
  101  10:13  Charge (Chrono Boost)  
  100  10:18  Stalker x2  
  100  10:20  Photon Cannon  
  104  10:27  Probe  
  105  10:28  Observer (Chrono Boost)  
  105  10:30  Pylon  
  105  10:34  Pylon, Protoss Ground Weapons Level 2 (Chrono Boost)  
  105  10:35  Probe  
  107  10:36  Protoss Ground Armor Level 1 (Chrono Boost)  
  107  10:40  Dark Shrine  
  107  10:44  Pylon  
  107  10:53  Observer  
  107  10:54  Zealot x5  
  107  10:55  Zealot  
  123  11:06  Disruptor (Chrono Boost)  
  123  11:09  Stalker x2  
  127  11:14  Pylon, Gateway  
  127  11:15  Gateway  
  127  11:16  Disruptor (Chrono Boost)  
  127  11:18  Stalker  
  129  11:24  Probe x2  
  134  11:26  Pylon  
  134  11:36  Stalker x3  
  140  11:41  Templar Archives  
  140  11:45  Zealot  
  142  11:47  Shield Battery  
  142  11:49  Probe x3  
  145  11:54  Photon Cannon  
  145  11:56  Probe  
  145  11:59  Dark Templar x3  
  152  12:06  Stalker x2  
  154  12:13  Sentry  
  156  12:18  Zealot x4  
  142  12:31  Probe x2  
  142  12:33  Probe x2  
  142  12:36  Stalker x4  
  152  12:38  Disruptor (Chrono Boost)  
  152  12:43  Probe  
  156  12:45  Probe x2  
  156  12:50  Dark Templar  
  160  12:53  Protoss Ground Weapons Level 3 (Chrono Boost)  
  160  12:56  Probe x2  
  162  13:07  Protoss Ground Armor Level 2 (Chrono Boost)  
  162  13:08  Assimilator  
  162  13:10  Assimilator  
  162  13:11  Disruptor (Chrono Boost)  
  165  13:17  Sentry  
  165  13:18  Probe  
  165  13:19  Pylon, Probe  
  169  13:23  Zealot x3  
  173  13:33  Warp Prism (Chrono Boost)  
  169  13:49  Stargate  
  169  13:54  Protoss Air Weapons Level 1  
  172  13:56  Zealot x2, Dark Templar  
  172  13:57  Zealot  
  172  13:59  Disruptor (Chrono Boost), Nexus  
  172  14:02  Pylon  
  180  14:03  Probe  
  180  14:07  Gravitic Drive (Chrono Boost)  
  180  14:08  Photon Cannon  
  180  14:09  Disruptor (Chrono Boost)  
  179  14:16  Zealot, Dark Templar  
  186  14:23  Zealot, Dark Templar  
  186  14:24  Zealot x2  
  186  14:32  Fleet Beacon  
  180  14:38  Observer  
  180  14:53  Zealot x8  
  156  15:16  Observer, Disruptor (Chrono Boost)  
  159  15:22  Assimilator  
  159  15:24  Stargate  
  159  15:25  Stargate, Assimilator  
  159  15:26  Stargate  
  159  15:27  Carrier (Chrono Boost)  
  159  15:35  Warp Prism (Chrono Boost)  
  167  15:48  Warp Prism (Chrono Boost)  
  167  15:49  Photon Cannon  
  169  15:50  Photon Cannon  
  169  15:53  Carrier, Shield Battery  
  175  16:00  Photon Cannon x2  
  175  16:01  Dark Templar  
  175  16:02  Zealot  
  175  16:03  Photon Cannon  
  179  16:17  Pylon  
  179  16:18  Photon Cannon  
  179  16:25  Stalker  
  181  16:27  Stalker x4  
  185  16:35  Zealot, Dark Templar  
  189  16:46  Photon Cannon x2, Stalker x2  
  188  17:03  Carrier x2 (Chrono Boost)  
  188  17:05  Protoss Air Weapons Level 2  
  200  17:28  Zealot x2  
  200  17:33  Warp Prism (Chrono Boost)  
  194  17:47  Nexus  
  194  17:48  Carrier (Chrono Boost)  
  200  17:52  Pylon  
  200  17:58  Cybernetics Core  
  183  18:24  Carrier x2 (Chrono Boost)  
  193  18:27  Photon Cannon  
  193  18:28  Photon Cannon  
  193  18:29  Carrier (Chrono Boost)  
  193  18:30  Photon Cannon  
  189  18:42  Pylon  
  189  18:53  High Templar x4  
  192  19:00  Archon  
  192  19:01  Archon  
  190  19:10  Nexus, Dark Templar  
  190  19:11  Zealot  
  190  19:14  Pylon  
  190  19:16  Assimilator  
  176  19:28  High Templar  
  176  19:29  High Templar x4  
  121  19:32  Archon x2  
Show
View Real Time Build Order
Export as new Build Order

RunaMoK Terran - Winner!

Build Orders:  

Get SALT Encoding   

  12  0:00  SCV  
  13  0:12  SCV  
  14  0:17  Supply Depot  
  14  0:24  SCV  
  15  0:38  SCV  
  15  0:39  Barracks  
  16  0:45  Refinery  
  16  0:50  SCV  
  16  0:53  Refinery  
  17  1:02  SCV  
  18  1:15  SCV  
  19  1:27  Orbital Command, Reaper, Supply Depot  
  20  1:42  Factory  
  20  1:52  SCV  
  21  2:04  Barracks Reactor, SCV  
  22  2:16  SCV  
  22  2:20  Command Center  
  23  2:26  Hellion  
  25  2:35  Supply Depot  
  25  2:40  Reaper x2  
  27  2:47  SCV  
  27  2:48  Hellion  
  30  2:59  SCV  
  30  3:04  Starport  
  31  3:11  Widow Mine, SCV  
  31  3:12  Marine x2  
  36  3:23  SCV  
  37  3:30  Marine x2  
  37  3:32  Widow Mine  
  41  3:35  SCV  
  42  3:46  Medivac  
  42  3:47  Marine  
  42  3:48  Marine  
  40  3:55  SCV  
  40  3:56  Orbital Command  
  40  3:57  Factory Tech Lab  
  40  4:05  Marine x2  
  40  4:08  SCV, Supply Depot  
  43  4:11  Barracks  
  43  4:18  Cyclone, Starport Tech Lab  
  43  4:20  SCV  
  47  4:26  SCV  
  47  4:30  Supply Depot  
  48  4:32  SCV  
  48  4:38  SCV, Marine x2  
  50  4:49  SCV, Raven  
  50  4:50  SCV  
  50  4:52  Siege Tank, Engineering Bay  
  57  4:53  Refinery  
  57  5:00  Marine x2  
  57  5:04  Supply Depot  
  57  5:05  SCV x2  
  61  5:12  Supply Depot  
  61  5:13  Marine  
  62  5:17  SCV  
  62  5:18  Barracks, Marine  
  62  5:21  Terran Infantry Weapons Level 1  
  64  5:29  Starport Reactor  
  64  5:30  SCV x2  
  64  5:34  Refinery  
  66  5:42  SCV x2  
  68  5:49  Marine x3  
  71  5:50  Siege Tank  
  74  6:03  SCV x2, Stimpack  
  74  6:07  Marine  
  71  6:11  Supply Depot  
  71  6:15  SCV x2  
  71  6:16  Missile Turret  
  71  6:17  Marine x2  
  75  6:25  Marine  
  76  6:29  Starport Reactor  
  76  6:30  SCV  
  76  6:32  Combat Shield, Missile Turret  
  77  6:33  Marine  
  77  6:35  Widow Mine x2, Marine x2  
  77  6:37  SCV  
  85  6:43  Supply Depot  
  85  6:44  Supply Depot  
  85  6:48  Marine  
  85  6:51  Marine  
  85  6:53  Marine x2  
  89  7:02  Widow Mine x2  
  89  7:05  Marine  
  89  7:07  Supply Depot  
  61  7:08  Medivac x2, Supply Depot  
  94  7:10  Marauder  
  94  7:11  Marauder, Marine  
  103  7:23  Marine  
  104  7:33  Marine x3  
  104  7:34  Widow Mine x2, Terran Infantry Armor Level 1  
  111  7:37  Command Center  
  111  7:45  Barracks  
  111  7:46  Barracks  
  111  7:48  SCV  
  111  7:49  SCV  
  111  7:50  Marine  
  114  7:57  Marine x3  
  114  7:58  Widow Mine  
  119  8:01  SCV  
  120  8:18  Marauder, Marine x3  
  125  8:35  Marine  
  126  8:45  Medivac  
  126  8:46  Marauder  
  126  8:47  Widow Mine, Medivac  
  126  8:49  Widow Mine  
  108  9:06  Marauder, Marine  
  88  9:19  Barracks Reactor, Barracks Tech Lab  
  88  9:20  Widow Mine x2, Medivac  
  88  9:21  SCV  
  89  9:29  Marauder, Marine x2  
  89  9:30  Marauder, Concussive Shells  
  85  9:37  SCV x2  
  79  9:38  Marauder  
  79  9:43  Orbital Command  
  79  9:44  Starport, Armory  
  79  9:47  Marine x2  
  79  9:49  Viking, SCV  
  79  9:50  SCV  
  79  9:51  Marauder  
  79  9:52  Marauder  
  93  9:54  Missile Turret  
  93  9:57  Marine x2  
  93  9:59  Marine  
  92  10:01  SCV  
  92  10:03  SCV  
  92  10:04  Marine  
  92  10:06  Refinery  
  95  10:09  Factory Tech Lab  
  95  10:13  Marine  
  95  10:14  Marauder x2, SCV  
  101  10:17  SCV x2  
  101  10:21  Supply Depot  
  103  10:22  Supply Depot  
  103  10:25  Supply Depot  
  103  10:26  Viking, SCV  
  103  10:27  Medivac  
  108  10:31  Ghost Academy  
  108  10:35  Terran Ship Weapons Level 1  
  108  10:36  Terran Infantry Weapons Level 2  
  108  10:39  Refinery  
  108  10:43  Viking  
  108  10:46  Viking  
  112  10:55  Marauder  
  112  10:56  Marauder x2, Marine  
  112  10:57  Marine x3  
  122  11:10  Command Center  
  125  11:18  Siege Tank  
  125  11:19  Marauder x3  
  131  11:31  Marine x3  
  134  11:38  Barracks  
  134  11:40  Ghost x2, Barracks  
  134  11:43  Barracks  
  138  11:49  Marauder  
  139  11:59  Liberator x3, Bunker  
  139  12:00  Liberator  
  151  12:05  Marine x2  
  151  12:06  Siege Tank, Marine  
  157  12:10  Refinery  
  157  12:12  Supply Depot  
  156  12:22  Ghost  
  158  12:28  Marauder x2, Marine x3  
  141  12:35  Supply Depot  
  138  12:37  Barracks Tech Lab  
  138  12:38  Barracks Tech Lab x2  
  138  12:42  Siege Tank  
  138  12:44  SCV  
  142  12:50  Marine  
  142  12:51  Marauder x2, Marine x3  
  150  12:54  SCV  
  150  12:56  Missile Turret, SCV x2  
  151  12:59  Planetary Fortress  
  151  13:05  Missile Turret  
  151  13:06  SCV  
  151  13:08  SCV x2  
  151  13:11  Terran Ship Weapons Level 2  
  154  13:22  Marauder x3  
  160  13:30  Terran Infantry Weapons Level 3  
  160  13:33  Engineering Bay  
  160  13:39  Marauder  
  160  13:40  Marauder x2  
  160  13:41  Medivac  
  167  13:57  Refinery  
  167  13:58  Refinery  
  167  13:59  Sensor Tower  
  167  14:06  Terran Infantry Armor Level 2  
  167  14:07  Ghost x2  
  167  14:08  Ghost x2  
  175  14:14  Sensor Tower  
  174  14:26  Fusion Core, Command Center  
  174  14:37  Ghost x3, Marine  
  181  14:38  Marauder, Marine  
  181  14:39  Marauder  
  186  14:54  Marauder  
  186  14:59  Marine  
  188  15:02  Refinery  
  144  15:21  Liberator x2, Marauder, Marine  
  145  15:22  Liberator  
  145  15:25  Liberator  
  145  15:28  Refinery  
  155  15:31  Barracks Tech Lab  
  155  15:32  Missile Turret x2, Marine  
  155  15:34  Missile Turret  
  156  15:35  Missile Turret  
  156  15:36  Supply Depot x2  
  156  15:37  Marauder x2, Terran Ship Weapons Level 3  
  156  15:42  Advanced Ballistics  
  160  15:43  Orbital Command  
  160  15:46  SCV  
  161  16:01  SCV  
  161  16:02  Supply Depot  
  161  16:03  Supply Depot  
  161  16:04  Marauder, Marine x4, Supply Depot  
  164  16:08  Marauder, Marine x3  
  164  16:09  Marauder, Medivac  
  177  16:16  Missile Turret  
  177  16:21  Marine  
  178  16:27  Marine  
  178  16:28  Marauder  
  178  16:31  Marauder, Medivac, Marine  
  178  16:32  Medivac, Terran Infantry Armor Level 3  
  187  16:46  Marauder, Medivac, Marine  
  185  16:58  Viking  
  187  17:01  Viking  
  187  17:06  Viking  
  191  17:16  Viking  
  191  17:21  Marauder, Marine  
  196  17:23  Marauder, Marine  
  198  17:40  Command Center x2  
  198  18:02  Missile Turret  
  198  18:07  Missile Turret  
  198  18:08  Missile Turret  
  198  18:12  Marine  
  189  18:13  Liberator x3, Marauder  
  198  18:39  Viking  
Tags
 
Add a new tag
Caveats
  • Supply blocks, unpowered buildings, or Contaminate may cause inaccurate times.
  • Supply counts are checked every 10 seconds.